 Dungeon Crawl Stone Soup version 0.30-a0-172-gc5509c9e31 (webtiles) character file.

Game seed: 6633442055591477756

2 blackman the Sneak (level 1, -2/18 HPs)
             Began as a Demigod Delver on Oct 2, 2022.
             Slain by an ogre
             ... wielding a +0 giant club
              (16 damage)
             ... on level 4 of the Dungeon.
             The game lasted 00:02:08 (314 turns).

blackman the Sneak (Demigod Delver)                  Turns: 314, Time: 00:02:08

Health: -2/18      AC:  3    Str: 13    XL:     1   Next: 26%
Magic:  3/3        EV: 11    Int: 12    God:
Gold:   11         SH:  0    Dex: 15    Spells: 0/0 levels left

rFire   . . .      SeeInvis .    e - -3 triple crossbow
rCold   . . .      Faith    .    (shield currently unavailable)
rNeg    . . .      Spirit   .    b - +0 leather armour
rPois   .          Reflect  .    (no helmet)
rElec   .          Harm     .    (no cloak)
rCorr   .          Rampage  .    (no gloves)
Will    .....                    (no boots)
Stlth   +++.......               (no amulet)
HPRegen 0.23/turn                (no ring)
MPRegen 0.08/turn                (no ring)

@: hasted, very quick
A: high MP 1, forlorn, divine attributes
a: no special abilities


You were on level 4 of the Dungeon.
You visited 1 branch of the dungeon, and saw 2 of its levels.

You collected 13 gold pieces.
You spent 2 gold pieces at shops.

Inventory:

Hand Weapons
 a - a +0 falchion
 e - a -3 triple crossbow (weapon)
 i - a -3 triple sword
Armour
 b - a +0 leather armour (worn)
Wands
 g - a wand of digging (3)
 h - a wand of polymorph (5)
Scrolls
 c - a scroll of fog
 d - a scroll of magic mapping
 k - a scroll of blinking {unknown}
 m - a scroll of immolation {unknown}
 n - 2 scrolls of fear
 o - a scroll of butterflies {unknown}
Potions
 f - a potion of haste
 j - a potion of brilliance {unknown}
 l - a potion of heal wounds {unknown}


   Skills:
 - Level 2.6 Fighting
 + Level 2.0 Long Blades
 - Level 1.7 Dodging
 - Level 4.5 Stealth


You couldn't memorise any spells.
You didn't know any spells.
Your spell library was empty.

Dungeon Overview and Level Annotations

Branches:
Dungeon (5/15)
 Temple: D:4-7

Shops:
D:5 *

Annotations:
D:4 Edmund


Innate Abilities, Weirdness & Mutations

You have an increased reservoir of magic. (+10% MP)
You shall have no god before yourself.
Your divine heritage dramatically boosts your attributes as you level up.


Message History

Press: ? - help, Shift-Dir - straight line, f/p - Edmund
Aim: Edmund, wielding a +5 flail of protection, wearing a +0 leather armour and carrying a wand of roots (14) (severely wounded, fleeing, 44% to hit)
You shoot a bolt. The bolt barely misses Edmund.
Edmund pleads, "Why can't we all just get along?"
Found 4 gold pieces.
You feel yourself speed up.
Fire: e) -3 triple crossbow
Press: ? - help, Shift-Dir - straight line, f - ogre
Aim: an ogre, wielding a +0 giant club (65% to hit)
You shoot a bolt. The bolt barely misses the ogre.
Fire: e) -3 triple crossbow
Press: ? - help, Shift-Dir - straight line, f/p - ogre
Aim: an ogre, wielding a +0 giant club (65% to hit)
You shoot a bolt. The bolt hits the ogre.
The ogre is lightly wounded.
Found a scroll labelled KUCUYNKIMIC.
Fire: e) -3 triple crossbow
Press: ? - help, Shift-Dir - straight line, f/p - ogre
Aim: an ogre, wielding a +0 giant club (lightly wounded, 65% to hit)
You shoot a bolt. The bolt barely misses the ogre.
Fire: e) -3 triple crossbow
Press: ? - help, Shift-Dir - straight line, f/p - ogre
Aim: an ogre, wielding a +0 giant club (lightly wounded, 65% to hit)
You shoot a bolt. The bolt hits the ogre.
The ogre is lightly wounded.
Fire: e) -3 triple crossbow
Press: ? - help, Shift-Dir - straight line, f/p - ogre
Aim: an ogre, wielding a +0 giant club (lightly wounded, 65% to hit)
You shoot a bolt. The bolt hits the ogre.
The ogre is moderately wounded.
Found 17 gold pieces.
Fire: e) -3 triple crossbow
Press: ? - help, Shift-Dir - straight line, f/p - ogre
Aim: an ogre, wielding a +0 giant club (lightly wounded, 65% to hit)
You shoot a bolt. The bolt hits the ogre!
The ogre is severely wounded.
A ball python comes into view.
The ogre hits you with a +0 giant club!
Ouch! That really hurt!
You die...

###.###.....#
#.....#
#.....#######
##..>##
#....?# ##.##
#.....# #.#
#.....####
#.# #.....#..
$ #.#
####.##.# ...
..#
#.##.##S....
###
#..O@.......
####.##.....
#.# #.# #..
####


You could see an ogre and a ball python (wandering).

Vanquished Creatures
  An endoplasm (D:4)
  A goblin (D:4)
2 creatures vanquished.

Notes
Turn   | Place    | Note
-------+----------+-------------------------------------------
     0 | D:5      | blackman the Demigod Delver began the quest for the Orb.
     0 | D:5      | Reached XP level 1. HP: 18/18 MP: 3/3
    54 | D:5      | Found Duomudixt's Lightly-Used Armoury.
    55 | D:5      | Noticed a hound
    55 | D:5      | Noticed a hound
    55 | D:5      | Noticed a jelly
    64 | D:5      | Bought a -3 triple crossbow for 1 gold piece
    64 | D:5      | Bought a -3 triple sword for 1 gold piece
   256 | D:4      | Noticed Edmund
   256 | D:4      | Noticed an ogre
   314 | D:4      | Slain by an ogre

Illustrated notes

Levels and vault maps discovered:
D:4:      kennysheep_big_flooded_room, layout_loops_cross, uniq_edmund
D:5:      layout_cave_pools, nicolae_ossuary_entry_catacombs,
          minmay_misc_feat_plants, minmay_shop_damaged

Skill      XL: |  1 |
---------------+----+-----
Long Blades    | 2 |  2.0
Fighting       | |  2.6
Dodging        | |  1.7
Stealth        | |  4.5

Action                   || total
-------------------------++-------
 Fire: Triple crossbow   ||    13
  Use: Scroll            ||     2
       Potion            ||     1
Armor: Leather armour    ||     2
Dodge: Dodged            ||     1

Table legend: (Time is in decaauts)
 A = Elapsed time spent in this place.
 B = Non-inter-level travel time spent in this place.
 C = Inter-level travel time spent in this place.
 D = Time resting spent in this place.
 E = Time spent auto-exploring this place.
 F = Levels seen in this place.
 G = Mean time per level.
                   A        B        C        D        E       F      G
               +--------+--------+--------+--------+--------+-----+--------+
         Total |    315 |    315 |      0 |      0 |    210 |   2 |  157.5 |
       Dungeon |    315 |    315 |      0 |      0 |    210 |   2 |  157.5 |
               +--------+--------+--------+--------+--------+-----+--------+

Top non-repeatable levels by time:
     D:4: 241 daAuts
     D:5: 74 daAuts
